AoeStats
← Jumpshot

Black Forest

510526839Analyzed
2v2 RM · 15h ago on Oct 1, 2026· 75m 3s· 4 players
Game mode
Random Map
Map size
Medium (4 player)
Population
200
Speed
Normal
Resources
Standard
Victory
Conquest
Starting age
Dark Age
Ending age
Imperial Age
RankedLock teamsTeams togetherTeam positionsShared explorationLock speedFull tech treeHidden civsTurbo modeCheats
Victory
Defeat
🇫🇷 Vietnamese · France
514
+19
🇬🇧 Maya · United Kingdom
455
+21
🇧🇷 Romans · Brazil
611
-21
🇸🇪 Varangians · Sweden
554
-19
Chrisjohn09
12:09 Feudal Age
18:58 Castle Age
19:51 Wheelbarrow
22:49 Double-Bit Axe
23:55 Horse Collar
26:14 Crossbowman
31:09 Padded Archer Armor
31:01 Fletching
32:05 Bow Saw
32:39 Leather Archer Armor
34:27 Bodkin Arrow
35:42 Gold Mining
35:42 Stone Mining
39:57 Imperial Age
38:25 Hand Cart
39:18 Stone Shaft Mining
39:12 Pikeman
39:56 Scale Mail Armor
41:02 Bracer
41:32 Ring Archer Armor
41:06 Heavy Plow
42:30 Arbalester
43:17 Thumb Ring
46:02 Chain Mail Armor
45:13 Halberdier
48:36 Holcans
47:30 Eagle Warrior
48:13 Squires
54:39 Crop Rotation
55:18 Two-Man Saw
56:14 Plate Mail Armor
60:10 Elite Plumed Archer
63:00 Fortified Wall
63:11 Ballistics
64:53 Caravan
anthony008
0:29 Loom
12:56 Feudal Age
14:32 Wheelbarrow
13:49 Double-Bit Axe
13:48 Horse Collar
14:42 Town Watch
15:07 Gold Mining
15:08 Stone Mining
22:29 Castle Age
23:30 Hand Cart
23:20 Town Patrol
25:10 Bow Saw
25:04 Heavy Plow
25:43 Stone Shaft Mining
26:23 Forging
31:24 Scale Mail Armor
31:59 Iron Casting
31:16 Fletching
33:40 Chain Mail Armor
33:29 Padded Archer Armor
37:14 Imperial Age
35:37 Caravan
36:08 Coinage
36:08 Squires
35:54 Arson
35:33 Pikeman
39:04 Crop Rotation
38:45 Siege Engineers
39:41 Chemistry
38:27 Arrowslits
38:34 Guard Tower
38:25 Treadmill Crane
38:41 Murder Holes
38:56 Fortified Wall
39:07 Ballistics
38:58 Masonry
39:54 Two-Man Saw
39:29 Plate Mail Armor
39:05 Scale Barding Armor
38:57 Bodkin Arrow
40:16 Banking
39:58 Guilds
41:09 Elite Fire Lancer
41:11 Halberdier
42:38 Hoardings
42:26 Paper Money
43:01 Bracer
43:17 Leather Archer Armor
43:31 Elite Rattan Archer
45:08 Chatras
46:53 Capped Ram
46:58 Onager
47:40 Light Cavalry
48:31 Bloodlines
48:21 Husbandry
49:16 Elite Battle Elephant
50:39 Elite Skirmisher
51:35 Sappers
51:43 Imperial Skirmisher
52:55 Chain Barding Armor
53:06 Ring Archer Armor
53:38 Thumb Ring
52:57 Crossbowman
54:10 Arbalester
59:49 Plate Barding Armor
60:01 Keep
59:47 Bombard Tower
Ronny. F Sweden
0:31 Loom
13:54 Feudal Age
14:31 Double-Bit Axe
14:09 Man-at-Arms
14:35 Arson
14:37 Horse Collar
14:44 Town Watch
15:35 Wheelbarrow
17:54 Fishing Lines
20:19 Stone Mining
20:19 Gold Mining
21:17 Padded Archer Armor
23:30 Scale Mail Armor
23:21 Fletching
23:36 Scale Barding Armor
27:18 Scale Barding Armor
27:24 Forging
31:29 Castle Age
31:05 Bloodlines
32:29 Caravan
32:59 Coinage
32:33 Town Patrol
32:36 Heavy Plow
33:13 Stone Shaft Mining
32:48 Gillnets
33:14 Husbandry
33:03 Gambesons
33:58 Squires
34:39 Hand Cart
34:57 Leather Archer Armor
34:14 Light Cavalry
35:26 Pikeman
35:27 Long Swordsman
36:23 Fortified Wall
35:53 Treadmill Crane
36:34 Ballistics
36:16 Guard Tower
37:14 Murder Holes
37:30 Masonry
37:26 Atonement
37:27 Devotion
37:37 Fervor
37:23 Herbal Medicine
38:00 Heated Shot
38:48 Chain Mail Armor
39:25 Bodkin Arrow
40:06 Iron Casting
40:05 Chain Barding Armor
40:39 Bow Saw
40:32 Vendel Legacy
45:13 Imperial Age
44:04 Elite Skirmisher
44:05 Crossbowman
45:25 Gothikon
46:26 Conscription
45:26 Elite Jarl
45:30 Capped Ram
47:34 Two-Man Saw
47:51 Illumination
48:03 Theocracy
47:48 Faith
48:18 Banking
47:59 Guilds
50:02 Chemistry
49:33 Architecture
51:26 Onager
54:13 Siege Engineers
54:41 Plate Mail Armor
54:41 Ring Archer Armor
54:17 Cranequins
60:48 Heavy Mounted Crossbowman
64:05 Blast Furnace
63:05 Bracer
63:41 Plate Barding Armor
63:01 Halberdier
63:01 Two-Handed Swordsman
65:20 Two-Handed Swordsman
Jumpshot
1:53 Loom
11:21 Feudal Age
12:02 Double-Bit Axe
12:58 Wheelbarrow
12:06 Horse Collar
21:43 Castle Age
21:08 Stone Mining
21:27 Fishing Lines
23:26 Bow Saw
23:19 Heavy Plow
24:15 Hand Cart
24:21 Caravan
29:14 Gold Mining
33:03 Imperial Age
32:22 Gillnets
35:36 Crop Rotation
35:27 Ballistas
34:46 Heavy Scorpion
36:32 Gold Shaft Mining
36:48 Forging
36:20 Man-at-Arms
37:01 Squires
37:24 Long Swordsman
38:26 Ballistics
39:13 Iron Casting
39:17 Legionary
41:00 Blast Furnace
40:29 Comitatenses
40:45 Bloodlines
40:35 Husbandry
42:39 Chemistry
48:46 Capped Ram
50:29 Siege Ram
53:20 Cavalier
54:45 Scale Barding Armor
54:40 Scale Mail Armor
55:12 Conscription
58:10 Onager
71:43 Pikeman
74:07 Chain Mail Armor
73:43 Fletching
74:14 Chain Barding Armor
Connection lost

Rejoining the realm…

Still unreachable

The connection could not be restored.

Session expired

The server has moved on; the page needs a fresh start.